 Dungeon Crawl Stone Soup version 0.29.1-1-gd02db6906a (webtiles) character file.

Game seed: 12639918950587661081

5 EvilAshe the Caller (level 1, -2/14 HPs)
             Began as a Hill Orc Summoner on Sept 18, 2022.
             Slain by a gnoll
             ... wielding a +0 club
              (4 damage)
             ... on level 1 of the Dungeon.
             The game lasted 00:00:41 (93 turns).

EvilAshe the Caller (Hill Orc Summoner)               Turns: 93, Time: 00:00:41

Health: -2/14      AC:  2    Str: 10    XL:     1   Next: 80%
Magic:  1/3        EV: 12    Int: 15    God:
Gold:   21         SH:  0    Dex: 11    Spells: 2/3 levels left

rFire   . . .      SeeInvis .   d - +2 whip (elec)
rCold   . . .      Faith    .   (no shield)
rNeg    . . .      Spirit   .   a - +0 robe
rPois   .          Reflect  .   (no helmet)
rElec   .          Harm     .   (no cloak)
rCorr   .          Rampage  .   (no gloves)
Will    .....                   (no boots)
Stlth   ++........              (no amulet)
HPRegen 0.04/turn               (no ring)
MPRegen 0.08/turn               (no ring)

@: no status effects
A: no striking features
a: no special abilities


You were on level 1 of the Dungeon.
You visited 1 branch of the dungeon, and saw 1 of its levels.

You collected 21 gold pieces.

Inventory:

Hand Weapons
 d - a +2 whip of electrocution (weapon)
Missiles
 c - 7 stones
Armour
 a - a +0 robe (worn)
Potions
 b - a potion of magic
 e - a potion of cancellation {unknown}


   Skills:
 + Level 0.1 Maces & Flails
 - Level 1.6 Dodging
 - Level 1.6 Stealth
 + Level 1.6 Spellcasting
 * Level 4.1 Summonings


You had 2 spell levels left.
You knew the following spells:

 Your Spells              Type           Power      Damage    Failure   Level
a - Summon Small Mammal   Summ           52%        N/A       4%          1

Your spell library contained the following spells:

 Spells                   Type           Power      Damage    Failure   Level
 Call Imp                 Summ           13%        N/A       6%          2
 Call Canine Familiar     Summ           13%        N/A       13%         3
 Summon Guardian Golem    Hex/Summ       7%         N/A       30%         3
 Summon Lightning Spire   Summ/Air       7%         N/A       69%         4


Dungeon Overview and Level Annotations

Branches:
Dungeon (1/15)

Altars:


Message History

Confirm with . or Enter, or press ? or * to list all spells.
The quokka bites you but does no damage.
The quokka completely misses you.
Your rat barely misses the quokka.
You hit the quokka.
The quokka is almost dead.
The quokka barely misses you. The gnoll hits your rat with a +0 club.
Your rat dies!
Your rat's corpse disappears in a puff of smoke!
Casting: Summon Small Mammal (safe; 4% risk of failure)
Confirm with . or Enter, or press ? or * to list all spells.
The quokka misses you. The quokka barely misses you. The quokka bites you.
The quokka attacks as you move away! The quokka bites you.
* * * LOW HITPOINT WARNING * * *
Your rat bites the quokka.
The quokka dies!
The gnoll attacks as you move away! The gnoll hits you with a +0 club.
* * * LOW HITPOINT WARNING * * *
Your rat bites the gnoll.
You closely miss the gnoll.
The gnoll is moderately wounded.
The gnoll barely misses you.
Your rat barely misses the gnoll.
You closely miss the gnoll.
The gnoll is moderately wounded.
The gnoll hits you but does no damage.
Your rat bites the gnoll but does no damage.
You completely miss the gnoll.
The gnoll is moderately wounded.
The gnoll misses you.
Your rat closely misses the gnoll.
You barely miss the gnoll.
The gnoll is moderately wounded.
The gnoll barely misses you.
Your rat bites the gnoll.
You hit the gnoll.
The gnoll is severely wounded.
The gnoll closely misses you.
Your rat bites the gnoll.
You barely miss the gnoll.
The gnoll is severely wounded.
The gnoll hits you with a +0 club.
You die...

#.......# .## ##!......
#.....# ..# ##...# .#####..##
#.##### #....#
..........###.....# ##...##
#########.##..# #.###....#
...#......###.....#.##
.#.#.#..###............####.#
P...PP..# #rg......###.......
P#.#.#..####@......+<'......#
.P.#............###########
#.#.#........##.##
.P.......##......###
P#.#.#...............
...#......##......#
######..............
....................
............####....


You could see a gnoll (ally target) and a friendly rat (summoned).

Vanquished Creatures
  A dart slug (D:1)
  A giant cockroach (D:1)
2 creatures vanquished.

Vanquished Creatures (collateral kills)
  A quokka (D:1)
1 creature vanquished.

Grand Total: 3 creatures vanquished

Notes
Turn   | Place    | Note
-------+----------+-------------------------------------------
     0 | D:1      | EvilAshe the Hill Orc Summoner began the quest for the Orb.
     0 | D:1      | Reached XP level 1. HP: 14/14 MP: 3/3
    93 | D:1      | Slain by a gnoll

Illustrated notes

Levels and vault maps discovered:
D:1:      dpeg_arrival_tiny_b, layout_rooms, serial_rivers,
          chequers_serial_rivers_marsh, chequers_serial_rivers_micro_e,
          chequers_serial_rivers_micro_c, chequers_serial_rivers_room_b,
          shapermc_ecumenical_altar_mp_urbaneastern

Action                   || total
-------------------------++-------
Melee: Whip              ||    12
 Cast: Summon Small Mamm ||     4
Armor: Robe              ||     3
Dodge: Dodged            ||    16
